Workbook

Sheet Gen Fd
A1: Exhibit 1 | B1: GENERAL FUND BUDGET SUMMARY
D3: PROPOSED | E3: PROPOSED
C4: 2025-26 | D4: 2025-26 | E4: 2026-27
B5: 2024-25 | C5: ORIGINAL | D5: FINAL | E5: ORIGINAL
A6: ITEM | B6: ACTUAL | C6: BUDGET | D6: BUDGET | E6: BUDGET
A7: Revenues:
A8: Local | B8: =2276838 -> 2276838 | C8: =2091500+5000 -> 2096500 | D8: 2033500 | E8: =D8 -> 2033500
A9: State | B9: 38067014 | C9: 40593515 | D9: 43100075 | E9: 41246889
A10: Federal | B10: 2313956 | C10: 2457175 | D10: 2037884 | E10: =D10 -> 2037884
A11: Interdistrict | B11: 1581766 | C11: 1400000 | D11: 1500000 | E11: =D11 -> 1500000
A12: Total Revenues | B12: =SUM(B8:B11) -> 44239574 | C12: =SUM(C8:C11) -> 46547190 | D12: =SUM(D8:D11) -> 48671459 | E12: =SUM(E8:E11) -> 46818273
A14: Expenditures:
A15: Instruction:
A16: Basic Programs | B16: 21354590 | C16: =23614534-640000 -> 22974534 | D16: =20613482-15000 -> 20598482 | E16: =21813482-15000 -> 21798482
A17: Added Needs | B17: 6940582 | C17: =8535503-695170 -> 7840333 | D17: =7652002-15000 -> 7637002 | E17: =7802551-15000 -> 7787551
A18: Total Instruction | B18: =SUM(B16:B17) -> 28295172 | C18: =SUM(C16:C17) -> 30814867 | D18: =SUM(D16:D17) -> 28235484 | E18: =SUM(E16:E17) -> 29586033
A19: Support Services:
A20: Pupil | B20: =2098554 -> 2098554 | C20: =2126340 -> 2126340 | D20: =2283622 -> 2283622 | E20: =2283622 -> 2283622
A21: Instructional Staff | B21: 397117 | C21: =389505 -> 389505 | D21: =440896 -> 440896 | E21: =440896 -> 440896
A22: General Administration | B22: 996403 | C22: =976350-1500 -> 974850 | D22: =1021700-1500 -> 1020200 | E22: =1021700-1500 -> 1020200
A23: School Administration | B23: 2289454 | C23: =2374000 -> 2374000 | D23: =2020000 -> 2020000 | E23: =2020000 -> 2020000
A24: Business | B24: 1340006 | C24: =1413025 -> 1413025 | D24: =1521025 -> 1521025 | E24: =1521025 -> 1521025
A25: Maintenance/Operations | B25: 6545116 | C25: =7772468-478000 -> 7294468 | D25: =7842884-182000-432000 -> 7228884 | E25: =8077884-182000-432000 -> 7463884
A26: Pupil Transportation | B26: 283783 | C26: =750852 -> 750852 | D26: 839400 | E26: 839400
A27: Central (HR/Tech) | B27: 390094 | C27: =460065 -> 460065 | D27: 428198 | E27: 428198
A28: Total Supporting Services | B28: =SUM(B20:B27) -> 14340527 | C28: =SUM(C20:C27) -> 15783105 | D28: =SUM(D20:D27) -> 15782225 | E28: =SUM(E20:E27) -> 16017225
A29: Athletics | B29: 510261 | C29: =623300-75000 -> 548300 | D29: =576300-50000 -> 526300 | E29: =576300-50000 -> 526300
A30: Community Services | B30: 259733 | C30: =262503 -> 262503 | D30: =217645 -> 217645 | E30: =217645 -> 217645
A31: Debt Service: | B31: =418370+103594 -> 521964 | C31: 0 | D31: =432000+78000 -> 510000 | E31: =432000+78000 -> 510000
A32: Capital Outlay | B32: 745581 | C32: =1889670+227595 -> 2117265 | D32: 4129603 | E32: 263500
A33: Total Expenditures | B33: =B18+B28+B29+B30+B31+B32 -> 44673238 | C33: =C18+C28+C29+C30+C31+C32 -> 49526040 | D33: =D18+D28+D29+D30+D31+D32 -> 49401257 | E33: =E18+E28+E29+E30+E31+E32 -> 47120703
A35: Revenues over Expenditures | B35: =B12-B33 -> -433664 | C35: =C12-C33 -> -2978850 | D35: =D12-D33 -> -729798 | E35: =E12-E33 -> -302430
A36: Proceeds from notes/leases | B36: 0
A37: Transfers In | B37: 2055 | D37: 52916 | E37: =D37 -> 52916
A38: Transfers Out | B38: -23 | C38: -35427 | D38: =-47916-100 -> -48016 | E38: =D38 -> -48016
A39: Net Change in Fund Balance | B39: =B35+B38+B37 -> -431632 | C39: =C35+C38+C37 -> -3014277 | D39: =D35+D38+D37 -> -724898 | E39: =E35+E38+E37 -> -297530
A40: Beginning Fund Balance | B40: 9370705 | C40: =B41 -> 8939073 | D40: =C40 -> 8939073 | E40: =D41 -> 8214175
A41: Ending Fund Balance | B41: =B39+B40 -> 8939073 | C41: =C39+C40 -> 5924796 | D41: =D39+D40 -> 8214175 | E41: =E39+E40 -> 7916645
A43: Balance Percent of Revenues | B43: =B41/B12 -> 0.20206056 | C43: =C41/C12 -> 0.12728579 | D43: =D41/D12 -> 0.1687678 | E43: =E41/E12 -> 0.16909306

Sheet Food
A1: Exhibit 1 | B1: FOOD SERVICE BUDGET SUMMARY
D3: ='Gen Fd'!D3 -> PROPOSED | E3: ='Gen Fd'!E3 -> PROPOSED
C4: ='Gen Fd'!C4 -> 2025-26 | D4: ='Gen Fd'!D4 -> 2025-26 | E4: ='Gen Fd'!E4 -> 2026-27
B5: ='Gen Fd'!B5 -> 2024-25 | C5: ='Gen Fd'!C5 -> ORIGINAL | D5: ='Gen Fd'!D5 -> FINAL | E5: ='Gen Fd'!E5 -> ORIGINAL
A6: ITEM | B6: ='Gen Fd'!B6 -> ACTUAL | C6: ='Gen Fd'!C6 -> BUDGET | D6: ='Gen Fd'!D6 -> BUDGET | E6: ='Gen Fd'!E6 -> BUDGET
A7: Revenues:
A8: Local | B8: =238143 -> 238143 | C8: 192000 | D8: 234000 | E8: 234000
A9: State | B9: =63329 -> 63329 | C9: 61713 | D9: =55713 -> 55713 | E9: =55713 -> 55713
A10: Federal | B10: =1772931 -> 1772931 | C10: 1585000 | D10: 1762000 | E10: 1762000
A11: Total Revenues | B11: =SUM(B8:B10) -> 2074403 | C11: =SUM(C8:C10) -> 1838713 | D11: =SUM(D8:D10) -> 2051713 | E11: =SUM(E8:E10) -> 2051713
A13: Total Expenditures | B13: =1958764 -> 1958764 | C13: 1956756 | D13: =2431438-4000 -> 2427438 | E13: 2081438
A15: Revenues over Expenditures | B15: =B11-B13 -> 115639 | C15: =C11-C13 -> -118043 | D15: =D11-D13 -> -375725 | E15: =E11-E13 -> -29725
A16: Transfers In/Out Net | B16: -2032 | C16: 15096 | D16: =25-4000 -> -3975 | E16: =25-4000 -> -3975
A17: Net Change in Fund Balance | B17: =B15+B16 -> 113607 | C17: =C15+C16 -> -102947 | D17: =D15+D16 -> -379700 | E17: =E15+E16 -> -33700
A18: Beginning Fund Balance | B18: 705792 | C18: =B19 -> 819399 | D18: =C18 -> 819399 | E18: =D19 -> 439699
A19: Ending Fund Balance | B19: =B17+B18 -> 819399 | C19: =C17+C18 -> 716452 | D19: =D17+D18 -> 439699 | E19: =E17+E18 -> 405999

Sheet Student
A1: Exhibit 1 | B1: STUDENT ACTIVITY BUDGET SUMMARY
D3: ='Gen Fd'!D3 -> PROPOSED | E3: ='Gen Fd'!E3 -> PROPOSED
C4: ='Gen Fd'!C4 -> 2025-26 | D4: ='Gen Fd'!D4 -> 2025-26 | E4: ='Gen Fd'!E4 -> 2026-27
B5: ='Gen Fd'!B5 -> 2024-25 | C5: ='Gen Fd'!C5 -> ORIGINAL | D5: ='Gen Fd'!D5 -> FINAL | E5: ='Gen Fd'!E5 -> ORIGINAL
A6: ITEM | B6: ='Gen Fd'!B6 -> ACTUAL | C6: ='Gen Fd'!C6 -> BUDGET | D6: ='Gen Fd'!D6 -> BUDGET | E6: ='Gen Fd'!E6 -> BUDGET
A7: Revenues:
A8: Local | B8: 141317 | C8: 106475 | D8: =C8 -> 106475 | E8: =D8 -> 106475
A9: Total Revenues | B9: =SUM(B8:B8) -> 141317 | C9: =SUM(C8:C8) -> 106475 | D9: =SUM(D8:D8) -> 106475 | E9: =SUM(E8:E8) -> 106475
A11: Total Expenditures | B11: 120593 | C11: =C8 -> 106475 | D11: =D8 -> 106475 | E11: =E8 -> 106475
A13: Revenues over Expenditures | B13: =B9-B11 -> 20724 | C13: =C9-C11 -> 0 | D13: =D9-D11 -> 0 | E13: =E9-E11 -> 0
A14: Beginning Fund Balance | B14: 114722 | C14: =B15 -> 135446 | D14: =C15 -> 135446 | E14: =D15 -> 135446
A15: Ending Fund Balance | B15: =B13+B14 -> 135446 | C15: =C13+C14 -> 135446 | D15: =D13+D14 -> 135446 | E15: =E13+E14 -> 135446

Sheet Debt
A1: Exhibit 1 | B1: DEBT SERVICE BUDGET SUMMARY
D3: ='Gen Fd'!D3 -> PROPOSED | E3: ='Gen Fd'!E3 -> PROPOSED
C4: ='Gen Fd'!C4 -> 2025-26 | D4: ='Gen Fd'!D4 -> 2025-26 | E4: ='Gen Fd'!E4 -> 2026-27
B5: ='Gen Fd'!B5 -> 2024-25 | C5: ='Gen Fd'!C5 -> ORIGINAL | D5: ='Gen Fd'!D5 -> FINAL | E5: ='Gen Fd'!E5 -> ORIGINAL
A6: ITEM | B6: ='Gen Fd'!B6 -> ACTUAL | C6: ='Gen Fd'!C6 -> BUDGET | D6: ='Gen Fd'!D6 -> BUDGET | E6: ='Gen Fd'!E6 -> BUDGET
A7: Revenues:
A8: Local | B8: 2233558 | C8: 2040000 | D8: 2195000 | E8: =D8 -> 2195000
A9: Proceeds from bond loan fund | B9: 981089 | C9: 0 | D9: 2124254 | E9: 1000000
A10: Total Revenues | B10: =SUM(B8:B9) -> 3214647 | C10: =SUM(C8:C9) -> 2040000 | D10: =SUM(D8:D9) -> 4319254 | E10: =SUM(E8:E9) -> 3195000
A12: Expenditures:
A13: Principal | B13: 2960000 | C13: 3010000 | D13: 3010000 | E13: 3010000
A14: Interest/Other | B14: 663976 | C14: 660758 | D14: =658758+2000 -> 660758 | E14: 660758
A15: Total Expenditures | B15: =SUM(B13:B14) -> 3623976 | C15: =SUM(C13:C14) -> 3670758 | D15: =SUM(D13:D14) -> 3670758 | E15: =SUM(E13:E14) -> 3670758
A16: Revenues Over Expenditures | B16: =B10-B15 -> -409329 | C16: =C10-C15 -> -1630758 | D16: =D10-D15 -> 648496 | E16: =E10-E15 -> -475758
A18: Beginning Fund Balance | B18: 2132519 | C18: =B19 -> 1723190 | D18: =C18 -> 1723190 | E18: =D19 -> 2371686
A19: Ending Fund Balance | B19: =B16+B18 -> 1723190 | C19: =C16+C18 -> 92432 | D19: =D16+D18 -> 2371686 | E19: =E16+E18 -> 1895928
